 Dungeon Crawl Stone Soup version 0.26-a0-771-g060e6a6 (webtiles) character file.

Game seed: 8171739217426751655

336 MrTaco21 the Cudgeler (level 6, -7/37 HPs)
             Began as a Gargoyle Fighter on Nov 8, 2020.
             Killed from afar by an orc wizard (8 damage)
             ... with a magic dart
             ... on level 4 of the Dungeon.
             The game lasted 00:04:24 (3653 turns).

MrTaco21 the Cudgeler (Gargoyle Fighter)            Turns: 3653, Time: 00:04:24

Health: -7/37      AC: 12    Str: 21    XL:     6   Next: 54%
Magic:  6/6        EV:  7    Int:  9    God:
Gold:   238        SH:  9    Dex:  9    Spells: 5/5 levels left

rFire    . . .     SeeInvis +   a - +0 flail
rCold    . . .     Faith    .   c - +0 kite shield
rNeg     + . .     Spirit   .   b - +0 scale mail
rPois    ∞         Reflect  .   (no helmet)
rElec    +         Harm     .   (no cloak)
rCorr    .         Rampage  .   (no gloves)
MR       .....                  e - +0 pair of boots
Stlth    ..........             (no amulet)
HPRegen  0.12/turn              z - ring of see invisible
MPRegen  0.10/turn              s - ring of attention (curse)

@: slowed, very slow
A: negative energy resistance 1, electricity resistance, unbreathing,
petrification resistance, rot immunity, AC +4
a: no special abilities


You were on level 4 of the Dungeon.
You visited 1 branch of the dungeon, and saw 4 of its levels.

You collected 238 gold pieces.

Inventory:

Hand Weapons
 a - a +0 flail (weapon)
Missiles
 q - 18 poisoned darts (quivered)
 u - a throwing net {!f}
Armour
 b - a +0 scale mail (worn)
 c - a +0 kite shield (worn)
 e - a +0 pair of boots (worn)
   (You found it on level 3 of the Dungeon)
Jewellery
 l - a +6 ring of dexterity
   (You found it on level 1 of the Dungeon)
 r - an uncursed ring of resist corrosion
   (You found it on level 1 of the Dungeon)
 s - a cursed ring of attention (right hand)
   (You found it on level 1 of the Dungeon)
 z - a ring of see invisible (left hand)
   (You found it on level 1 of the Dungeon)
Scrolls
 f - 4 scrolls of remove curse {unknown}
 h - 7 scrolls of teleportation {unknown}
 i - a scroll of blinking {unknown}
 j - 4 scrolls of identify {unknown}
 k - a scroll of noise {unknown}
 m - a scroll of enchant armour {unknown}
 o - a scroll of enchant weapon {unknown}
 v - a scroll of magic mapping {unknown}
 w - a scroll of fear {unknown}
Potions
 d - a potion of might
 g - 3 potions of mutation {unknown}
 n - a potion of haste {unknown}
 p - a potion of curing {unknown}
 t - a potion of attraction {unknown}


   Skills:
 - Level 3.2 Fighting
 + Level 6.7 Maces & Flails
 - Level 3.2 Armour
 - Level 3.2 Shields


You had 5 spell levels left.
You didn't know any spells.
Your spell library was empty.

Dungeon Overview and Level Annotations

Branches:
Dungeon (4/15)
 Temple: D:4-7

Altars:
Gozag
Ru


Innate Abilities, Weirdness & Mutations

You are resistant to torment.
Your stone body is resilient. (AC +4)
You are immune to poison.
You resist negative energy. (rN+)
You are resistant to electric shocks. (rElec)
You can survive without breathing.
You are immune to petrification.
You are immune to rotting.


Message History

The orc wizard points at you and mumbles some strange words.
You feel as though you will be slow longer.
You closely miss the orc wizard. The orc wizard barely misses you. x2
You block the orc's attack.
The orc wizard gestures at you while chanting.
The magic dart hits you. The orc wizard barely misses you.
The orc hits you but does no damage.
The orc wizard hits you but does no damage.
You closely miss the orc wizard. You block the orc wizard's attack.
The orc wizard hits you with a +0 dagger.
The orc wizard gestures at you while chanting.
The magic dart hits you.
* * * LOW HITPOINT WARNING * * *
You block the orc's attack. The orc wizard closely misses you.
The orc wizard casts a spell at you.
The magic dart hits you but does no damage.
Things that are here:
a +4 dagger; a +0 leather armour; an orc corpse You closely miss the orc wizard.
The orc wizard gestures wildly while chanting.
The orc wizard blinks!
The orc wizard hits you but does no damage.
You closely miss the orc wizard.
The orc wizard hits you but does no damage.
The orc priest looks braver for a moment.
You block the orc wizard's attack.
You hit the orc.
The orc wizard gestures at you while chanting.
The puff of frost hits you.
* * * LOW HITPOINT WARNING * * *
The orc wizard casts a spell at you.
The magic dart hits you but does no damage.
The orc hits you but does no damage.
The orc wizard hits you but does no damage.
You miss the orc wizard.
The orc wizard points at you and mumbles some strange words.
The puff of frost hits you.
* * * LOW HITPOINT WARNING * * *
The orc hits you.
* * * LOW HITPOINT WARNING * * *
The orc wizard hits you but does no damage.
The orc hits you but does no damage.
The orc wizard hits you but does no damage.
The orc priest invokes the aid of Beogh against you.
Beogh smites you!
* * * LOW HITPOINT WARNING * * *
The orc wizard hits you but does no damage.
The orc wizard points at you and mumbles some strange words.
The magic dart hits you!
You die...

#..#......... #..#.........
#..#......... #..#.......#
#..#.o.....# #..#.SZ....#
#..##o# #...o)#....#
#....@#....# #.
#.....#....# #...
#.....#....#
#....#.....#....# #....
#....#.....#....# #....
#...##.....#....# #....
#...##.....#....#######....
#..........#...............
#..........#####...........


You could see an orc priest, 2 orc wizards, an adder and an adder skeleton.

Vanquished Creatures
  An orc priest (D:4)
  An orc wizard (D:3)
  An iguana (D:4)
  Natasha (thrice) (D:4)
  A worker ant (D:4)
  4 gnolls (D:3)
  2 adders
  2 oozes (D:3)
  2 worms
  3 leopard geckos
  7 orcs
  7 bats
  4 giant cockroaches
  5 goblins
  8 hobgoblins
  4 jackals (D:2)
  6 kobolds
  A quokka (D:4)
  A ball python (D:2)
  13 frilled lizards
  9 rats
85 creatures vanquished.

Notes
Turn   | Place    | Note
-------+----------+-------------------------------------------
     0 | D:1      | MrTaco21 the Gargoyle Fighter began the quest for the Orb.
     0 | D:1      | Reached XP level 1. HP: 14/14 MP: 1/1
   137 | D:1      | Reached XP level 2. HP: 18/19 MP: 2/2
   222 | D:1      | Reached skill level 3 in Maces & Flails
   503 | D:1      | You fall into a shaft and drop 1 floor!
   531 | D:2      | Reached XP level 3. HP: 10/23 MP: 3/3
   825 | D:2      | Found a sacrificial altar of Ru.
   967 | D:2      | Found an opulent altar of Gozag.
  1451 | D:1      | Reached skill level 4 in Maces & Flails
  1713 | D:3      | Reached XP level 4. HP: 28/28 MP: 4/4
  2299 | D:3      | Reached skill level 5 in Maces & Flails
  2333 | D:3      | Reached XP level 5. HP: 32/32 MP: 5/5
  3084 | D:4      | Noticed Natasha
  3096 | D:4      | Killed Natasha
  3099 | D:4      | Noticed Natasha
  3250 | D:4      | Killed Natasha
  3250 | D:4      | Reached skill level 6 in Maces & Flails
  3250 | D:4      | Reached XP level 6. HP: 27/37 MP: 6/6
  3514 | D:4      | Noticed Natasha
  3525 | D:4      | Killed Natasha
  3653 | D:4      | HP: 1/37 [orc priest/divine providence (10)]
  3653 | D:4      | Killed from afar by an orc wizard

Illustrated notes

Levels and vault maps discovered:
D:1:      ebering_trefoil_3fold, layout_basic
D:2:      layout_basic, marbit_many_paths, nicolae_overflow_crystal_walls,
          chequers_avenue
D:3:      layout_loops_ring
D:4:      layout_gridville, dk_noncrumbling_3, uniq_duvessa, uniq_natasha,
          uniq_blork_the_orc

Skill      XL: |  1  2  3  4  5 |
---------------+----------------+-----
Maces & Flails | 3 4 5 6 |  6.7
Fighting       | |  3.2
Armour         | |  3.2
Shields        | |  3.2

Action                   |  1- 3 |  4- 6 || total
-------------------------+-------+-------++-------
Melee: Flail             |   161 |   190 ||   351
Armor: Scale mail        |   118 |   114 ||   232
Dodge: Dodged            |    71 |    78 ||   149
Block: Kite shield       |   108 |   102 ||   210

Table legend: (Time is in decaauts)
 A = Elapsed time spent in this place.
 B = Non-inter-level travel time spent in this place.
 C = Inter-level travel time spent in this place.
 D = Time resting spent in this place.
 E = Time spent auto-exploring this place.
 F = Levels seen in this place.
 G = Mean time per level.
                   A        B        C        D        E       F      G
               +--------+--------+--------+--------+--------+-----+--------+
         Total |   3774 |   3646 |    128 |    828 |   2026 |   4 |  943.5 |
       Dungeon |   3774 |   3646 |    128 |    828 |   2026 |   4 |  943.5 |
               +--------+--------+--------+--------+--------+-----+--------+

Top non-repeatable levels by time:
     D:3: 1406 daAuts
     D:2: 1057 daAuts
     D:1: 846 daAuts
     D:4: 465 daAuts
